 Dungeon Crawl Stone Soup version 0.29.1-15-g9cfb28693d (webtiles) character file.

Game seed: 15871854046035654719

4131 Smoke131 the Firebug (level 10, -21/129 HPs)
             Began as a Yellow Draconian Fire Elementalist on Feb 23, 2023.
             Was a Believer of Vehumet.
             Killed from afar by Erica (31 damage)
             ... with a lance of force
             ... on level 8 of the Dungeon.
             The game lasted 00:26:14 (10300 turns).

Smoke131 the Firebug (DrFE)                        Turns: 10300, Time: 00:26:15

Health: -21/129    AC:  7    Str: 16    XL:     10   Next: 6%
Magic:  10/17      EV: 14    Int: 20    God:    Vehumet [**....]
Gold:   1114       SH:  0    Dex: 12    Spells: 8/19 levels left

rFire   . . .      SeeInvis .   p - +1 spear (vorpal)
rCold   . . .      Faith    .   (no shield)
rNeg    . . .      Spirit   .   (body armour unavailable)
rPois   .          Reflect  .   (helmet restricted)
rElec   .          Harm     .   (no cloak)
rCorr   +          Rampage  .   (no gloves)
Will    .....                   (no boots)
Stlth   ..........              g - amulet of magic regeneration
HPRegen 0.31/turn               r - +6 ring of strength
MPRegen 0.55/turn               (no ring)

@: berserking, short of breath, very quick
A: spit acid, AC +7, unfitting armour, cold-blooded, acid resistance
a: Breathe Acid, Renounce Religion


You were on level 8 of the Dungeon.
You worshipped Vehumet.
Vehumet was pleased with you.
You visited 1 branch of the dungeon, and saw 8 of its levels.

You collected 1208 gold pieces.
You spent 94 gold pieces at shops.

Inventory:

Hand Weapons
 p - a +1 vorpal spear (weapon)
Jewellery
 g - an amulet of magic regeneration (around neck)
 r - a +6 ring of strength (left hand)
Wands
 s - a wand of iceblast (7)
 u - a wand of acid (2)
Scrolls
 b - a scroll of vulnerability
 c - 3 scrolls of identify
 d - a scroll of fog
 e - a scroll of acquirement
 f - a scroll of teleportation
 h - a scroll of enchant armour
 j - a scroll of enchant weapon
 t - 3 scrolls of poison
Potions
 a - 5 potions of attraction
 k - a potion of cancellation
 l - a potion of flight
 n - 2 potions of resistance
 o - a potion of curing
 q - 2 potions of mutation


   Skills:
 + Level 7.3 Fighting
 + Level 6.5 Dodging
 - Level 1.7 Stealth
 - Level 5.0 Spellcasting
 + Level 6.8 Conjurations
 + Level 7.5 Fire Magic


You had 8 spell levels left.
You knew the following spells:

 Your Spells              Type           Power      Damage    Failure   Level
a - Foxfire               Conj/Fire      100%       2x1d9     1%          1
b - Scorch                Fire           70%        2d8       1%          2
c - Conjure Flame         Conj/Fire      33%        6-21      1%          3
d - Flame Wave            Conj/Fire      33%        2d10      6%          4
z - Magic Dart            Conj           100%       1d8       1%          1

Your spell library contained the following spells:

 Spells                   Type           Power      Damage    Failure   Level
 Freeze                   Ice            20%        1d4       12%         1
 Inner Flame              Hex/Fire       20%        N/A       8%          3
 Sandblast                Erth           10%        2d5       12%         1
 Slow                     Hex            20%        N/A       12%         1
 Sting                    Tmut/Pois      20%        1d4       12%         1
 Ozocubu's Armour         Ice            5%         N/A       34%         3
 Metabolic Englaciation   Hex/Ice        2%         N/A       97%         5
 Simulacrum               Ice/Necr       2%         N/A       100%        6


Dungeon Overview and Level Annotations

Branches:
Dungeon (8/15)             Temple (0/1) D:7
   Lair: D:8-11

Altars:
Ashenzari
Qazlal
Ru
Vehumet
Wu Jian
Yredelemnul
The Shining One

Shops:
D:1 *   D:5 (   D:6 :

Annotations:
D:8 Erica


Innate Abilities, Weirdness & Mutations

You can spit globs of acid.
Your golden yellow scales are hard. (AC +7)
You cannot fit into any form of body armour.
You are cold-blooded and may be slowed by cold attacks.
You are resistant to acid. (rCorr)


Message History

Flames lash Joseph.
Joseph is burned terribly!
Joseph is heavily wounded.
Joseph hits you with a +0 quarterstaff!
Casting: Scorch (safe; 1% risk of failure)
Confirm with . or Enter, or press ? or * to list all spells.
Flames lash Joseph.
Joseph is burned terribly!
Joseph is severely wounded.
Casting: Scorch (safe; 1% risk of failure)
Confirm with . or Enter, or press ? or * to list all spells.
Flames lash Joseph.
Joseph is burned terribly!
Joseph is almost dead.
Joseph hits you with a +0 quarterstaff! Erica closely misses you.
Joseph hits you with a +0 quarterstaff!
Casting: Foxfire (safe; 1% risk of failure)
Press: ? - help, Q - select action, (/) - cycle Dir - look around, f - activate
There is not enough space to conjure foxfire!
Press: ? - help, Shift-Dir - straight line, f - Erica
Aim: Erica, wielding a +4 scimitar of flaming and wearing a +0 robe (60% to hit)
You spit a glob of acid.
The glob of acid misses Erica.
Erica hits you with a +4 scimitar of flaming!
Erica burns you.
* * * LOW HITPOINT WARNING * * *
Joseph hits you with a +0 quarterstaff!
* * * LOW HITPOINT WARNING * * *
Casting: Foxfire (safe; 1% risk of failure)
Confirm with . or Enter, or press ? or * to list all spells.
Flames lash Joseph.
Joseph is burned terribly!
You kill Joseph!
Vehumet accepts your kill.
You feel your power returning.
Erica hits you with a +4 scimitar of flaming!
* * * LOW HITPOINT WARNING * * *
Erica burns you.
* * * LOW HITPOINT WARNING * * *
You have reached level 10!
A red film seems to cover your vision as you go berserk!
You feel yourself moving faster!
You feel mighty! Erica casts a spell at you. The lance of force hits you!!
You die...

# #. #.
#..#.#
#...####
#...@@#
#...##)#
#..#.# #.#
#. #. #.
#.# .. #
#.# #. #.#
#. . #.# #
#. #. #.#
.##.##.#.#
........##


You could see Erica.

Vanquished Creatures
  A death yak (D:8)
  Joseph (D:8)
  A steam dragon (D:7)
  Menkaure (D:5)
  2 water moccasins
  An ice beast (D:6)
  A sky beast (D:7)
  3 black bears
  2 ogres
  The ghost of mikeweasel the Ruffian, an amateur DrTm of Vehumet (D:3)
  A phantom (D:5)
  2 bullfrogs
  5 scorpions
  13 wights
  2 gnoll boudas
  3 hounds
  4 orc priests
  3 iguanas
  8 orc wizards
  9 adders
  11 gnolls
  2 river rats
  2 shadow imps
  A white imp (D:7)
  5 ufetubi
  3 worms
  5 dart slugs
  16 orcs
  8 endoplasms
  2 giant cockroaches
  9 goblins
  5 hobgoblins
  10 jackals
  2 quokkas
  7 ball pythons
  9 bats
  A frilled lizard (D:1)
  6 kobolds
  7 rats
175 creatures vanquished.

Vanquished Creatures (others)
  221 foxfires
  3 plants (D:3)
224 creatures vanquished.

Grand Total: 399 creatures vanquished

Notes
Turn   | Place    | Note
-------+----------+-------------------------------------------
     0 | D:1      | Smoke131 the Draconian Fire Elementalist began the quest
                  | for the Orb.
     0 | D:1      | Reached XP level 1. HP: 14/14 MP: 3/3
   351 | D:1      | Reached XP level 2. HP: 22/22 MP: 1/5
   749 | D:1      | Found Galiots's Assorted Antiques.
  1130 | D:2      | Found a faded altar of an unknown god.
  1224 | D:2      | Reached skill level 1 in Fighting
  1253 | D:2      | Learned a level 2 spell: Scorch
  1270 | D:2      | Reached XP level 3. HP: 18/28 MP: 1/6
  1591 | D:2      | Reached XP level 4. HP: 35/35 MP: 3/7
  1799 | D:2      | Got An Introduction to Theurgy
  2473 | D:3      | Found a basalt altar of Yredelemnul.
  2504 | D:3      | Found a sacrificial altar of Ru.
  2793 | D:3      | Found a runed translucent door.
  3059 | D:3      | Reached XP level 5. HP: 38/41 MP: 0/9
  3689 | D:3      | Noticed mikeweasel's ghost (amateur DrTm)
  3700 | D:3      | Killed mikeweasel's ghost
  3887 | D:4      | Learned a level 3 spell: Conjure Flame
  3889 | D:4      | Identified 2 scrolls of acquirement
  3889 | D:4      | Acquired 924 gold pieces
  3939 | D:4      | Found a radiant altar of Vehumet.
  3949 | D:4      | Became a worshipper of Vehumet
  3997 | D:4      | Reached XP level 6. HP: 50/50 MP: 6/10
  4424 | D:4      | Found a glowing golden altar of the Shining One.
  4541 | D:5      | Entered Level 5 of the Dungeon
  4553 | D:5      | Your scales start taking on a golden yellow colour.
  4553 | D:5      | Reached XP level 7. HP: 57/57 MP: 6/12
  4553 | D:5      | Gained mutation: You are resistant to acid. (rCorr) [Yellow
                  | Draconian growth]
  4678 | D:5      | Reached * piety under Vehumet
  4678 | D:5      | Offered knowledge of Magic Dart by Vehumet.
  5216 | D:5      | Learned a level 1 spell: Magic Dart
  5496 | D:5      | Reached skill level 5 in Fire Magic
  5496 | D:5      | Reached XP level 8. HP: 61/66 MP: 8/14
  5664 | D:5      | Found Litruor's Antique Weapon Boutique.
  5841 | D:1      | Bought a puce potion for 22 gold pieces
  5841 | D:1      | Bought a lumpy golden potion for 22 gold pieces
  6039 | D:5      | Noticed Menkaure
  6059 | D:5      | Killed Menkaure
  6510 | D:1      | Bought a scroll labelled QUPPISYTHESONN for 25 gold pieces
  6510 | D:1      | Bought a scroll labelled IPUAWU OFURHA for 25 gold pieces
  6845 | D:6      | Learned a level 4 spell: Flame Wave
  6951 | D:6      | Reached skill level 5 in Fighting
  7140 | D:6      | Found an ornate altar of the Wu Jian Council.
  7154 | D:6      | Found a stormy altar of Qazlal.
  7391 | D:6      | Found Efinowk's Book Emporium.
  7399 | D:6      | Reached skill level 5 in Conjurations
  7665 | D:7      | Reached skill level 5 in Dodging
  7665 | D:7      | Reached skill level 5 in Spellcasting
  7710 | D:7      | Offered knowledge of Freeze by Vehumet.
  7884 | D:7      | Reached XP level 9. HP: 74/74 MP: 11/16
  7995 | D:7      | Found a staircase to the Ecumenical Temple.
  8498 | D:7      | Reached ** piety under Vehumet
  8632 | D:7      | Found a broken altar of Ashenzari.
  9328 | D:8      | Noticed a death yak
  9337 | D:8      | Noticed a death yak
  9352 | D:8      | Noticed a death yak
  9354 | D:8      | Killed a death yak
  9725 | D:8      | Noticed Joseph
  9732 | D:8      | Noticed Erica
 10299 | D:8      | Killed Joseph
 10300 | D:8      | Reached XP level 10. HP: 6/86 MP: 9/17
 10300 | D:8      | Killed from afar by Erica

Illustrated notes

Levels and vault maps discovered:
D:1:      roderic_dead_forest, layout_loops_ring, serial_shops, shop
D:2:      minmay_recursive_quarters, layout_basic,
          hellmonk_ecumenical_altar_run_dry
D:3:      layout_basic, mainiacjoe_overflow_catwalk,
          mainiacjoe_overflow_cross_hatched, ebering_ghost_reflecting_pool,
          grunt_ministairs_2, minmay_goblin_kobold_house
D:4:      layout_gridville, nicolae_overflow_hidden_temple,
          mainiacjoe_overflow_small_starburst
D:5:      layout_loops_corners, serial_shops, kennysheep_little_box,
          uniq_menkaure
D:6:      layout_cave_pods, nicolae_qazlal_general_emergency,
          overflow_temple_1_default, serial_shops, shop
D:7:      layout_gridville, general_overflow_altar, minmay_temple_entry_trees,
          grunt_ministairs_1, nicolae_concentric_dashed_squares_wild
D:8:      layout_loops_ring, kennysheep_mini, dpeg_lair_monsters,
          grunt_ministairs_12, uniq_erica, uniq_maurice, uniq_grum, uniq_joseph

Skill      XL: |  1  2  3  4  5  6  7  8  9 |
---------------+----------------------------+-----
Dodging        | 2 3 4 5 6 |  6.5
Fighting       | 1 2 3 4 5 7 |  7.3
Conjurations   | 2 3 4 5 6 |  6.8
Spellcasting   | 3 4 5 |  5.0
Fire Magic     | 4 5 6 7 |  7.5
Stealth        | |  1.7

Action                   |  1- 3 |  4- 6 |  7- 9 | 10-12 || total
-------------------------+-------+-------+-------+-------++-------
Melee: Unarmed           |    14 |       |       |       ||    14
       Tailslap          |     8 |    11 |     8 |       ||    27
       Dagger            |    54 |    45 |       |       ||    99
       Punch             |     1 |     2 |     2 |       ||     5
       Spear             |       |    42 |    75 |       ||   117
       Flail             |       |     7 |       |       ||     7
 Cast: Foxfire           |    27 |    57 |    49 |       ||   133
       Scorch            |     4 |    29 |   156 |       ||   189
       Conjure Flame     |       |     2 |     4 |       ||     6
 Abil: Breathe Acid      |       |       |     8 |       ||     8
  Use: Potion            |     1 |       |     4 |     1 ||     6
       Scroll            |       |    13 |     8 |       ||    21
 Stab: Sleeping          |     2 |     4 |     1 |       ||     7
Armor: Skin              |    25 |    41 |    56 |       ||   122
Dodge: Dodged            |    66 |    68 |    95 |       ||   229
